 Dungeon Crawl Stone Soup version 0.31-a0-369-g8eba5f6939 (webtiles) character file.

Game seed: 14484101633728201272

7 Midn8 the Chopper (level 1, -2/16 HPs)
             Began as a Minotaur Wanderer on July 28, 2023.
             Slain by a kobold
             ... wielding a +0 whip
              (5 damage)
             ... on level 1 of the Dungeon.
             The game lasted 00:00:47 (257 turns).

Midn8 the Chopper (Minotaur Wanderer)                Turns: 257, Time: 00:00:48

Health: -2/16      AC:  6    Str: 16    XL:     1   Next: 91%
Magic:  1/1        EV:  9    Int: 11    God:
Gold:   17         SH:  0    Dex:  7    Spells: 2/2 levels left

rFire   . . .        a - +2 hand axe
rCold   . . .        (no shield)
rNeg    . . .        b - +0 scale mail
rPois   .            (helmet restricted)
rElec   .            (no cloak)
rCorr   .            (no gloves)
SInv    .            (no boots)
Will    .....        (no amulet) Stlth
                     (no ring)
HPRegen 0.22/turn    (no ring)
MPRegen 0.07/turn

%: no passive effects
@: no status effects
A: horns 2, retaliatory headbutt
a: no special abilities


You were on level 1 of the Dungeon.
You visited 1 branch of the dungeon, and saw 1 of its levels.

You collected 17 gold pieces.

Inventory:

Hand Weapons
 a - a +2 hand axe (weapon)
Armour
 b - a +0 scale mail (worn)
Scrolls
 c - a scroll of teleportation
 f - a scroll of identify {unknown}
Potions
 d - a potion of enlightenment {unknown}
 e - a potion of haste {unknown}
 g - a potion of magic {unknown}


   Skills:
 + Level 1.5 Fighting
 * Level 4.0 Axes
 + Level 2.6 Armour
 - Level 1.5 Stealth
 - Level 1.0 Spellcasting
 - Level 1.0 Air Magic


You had 2 spell levels left.
You didn't know any spells.
Your spell library contained the following spells:

 Spells                   Type           Power      Damage    Failure   Level
 Poisonous Vapours        Pois/Air       2%         N/A       80%         2
 Cigotuvi's Dreadful Rot  Necr/Pois/Air  2%         N/A       83%         2


Dungeon Overview and Level Annotations

Branches:
Dungeon (1/15)

Altars:


Innate Abilities, Weirdness & Mutations

You have a pair of horns on your head.
You reflexively headbutt those who attack you in melee.


Message History

The kobold hits you with a +0 whip.
You barely miss the kobold. You headbutt the kobold.
The kobold is severely wounded.
The kobold hits you with a +0 whip.
You are too injured to fight recklessly!
You are too injured to fight recklessly!
You are too injured to fight recklessly!
You are too injured to fight recklessly!
You hit the kobold but do no damage.
The kobold is severely wounded.
The kobold hits you but does no damage.
You barely miss the kobold.
You headbutt the kobold, but do no damage.
The kobold is severely wounded.
The kobold hits you but does no damage.
You closely miss the kobold.
The kobold is severely wounded.
The kobold hits you with a +0 whip.
* * * LOW HITPOINT WARNING * * *
You barely miss the kobold.
The kobold is severely wounded.
The kobold closely misses you.
You barely miss the kobold.
The kobold is moderately wounded.
The kobold hits you but does no damage.
Okay, then.
You aren't carrying any items that you can evoke.
Okay, then.
You barely miss the kobold.
You headbutt the kobold, but do no damage.
The kobold is moderately wounded.
The kobold hits you with a +0 whip.
* * * LOW HITPOINT WARNING * * *
You closely miss the kobold.
The kobold is moderately wounded.
The kobold hits you but does no damage.
You barely miss the kobold.
The kobold is moderately wounded.
The kobold hits you with a +0 whip.
You die...

#.# ##...## #.#
##.....## #####.#####
##.......###.>.......#
#.........##.#...###.#
+.........+...........
#.........##.#.....#.#
#...K...# #.##.##†#.#
#..@..# #.#####.#.#
##...## #.........#
##'## #######.###
###.### #.# #.....#
#.#
###.#.#†##########.#
...................#
###.....############
#.....#


You could see a kobold.

Vanquished Creatures
  An endoplasm (D:1)
  A giant cockroach (D:1)
  A goblin (D:1)
  A quokka (D:1)
  2 bats (D:1)
  A rat (D:1)
7 creatures vanquished.

Notes
Turn   | Place    | Note
-------+----------+-------------------------------------------
     0 | D:1      | Midn8 the Minotaur Wanderer began the quest for the Orb.
     0 | D:1      | Midn8 set off with the following items: a +2 hand axe, a +0
                  | scale mail, a scroll of teleportation; and the following
                  | spells available to memorise: Poisonous Vapours, Cigotuvi's
                  | Dreadful Rot.
     0 | D:1      | Reached XP level 1. HP: 16/16 MP: 1/1
   247 | D:1      | Reached skill level 4 in Axes
   257 | D:1      | Slain by a kobold

Illustrated notes

Levels and vault maps discovered:
D:1:      minmay_arrival_radiant_lines, layout_loops_corners,
          minmay_tromino_v4_a

Skill      XL: |  1 |
---------------+----+-----
Axes           | 4 |  4.0
Fighting       | |  1.5
Armour         | |  2.6
Stealth        | |  1.5
Spellcasting   | |  1.0
Air Magic      | |  1.0

Action                     || total
---------------------------++-------
  Melee: Hand axe          ||    26
         Headbutt          ||     5
         Punch             ||     1
 Armour: Scale mail        ||    11
  Dodge: Dodged            ||     6

Table legend: (Time is in decaauts)
 A = Elapsed time spent in this place.
 B = Non-inter-level travel time spent in this place.
 C = Inter-level travel time spent in this place.
 D = Time resting spent in this place.
 E = Time spent auto-exploring this place.
 F = Levels seen in this place.
 G = Mean time per level.
                   A        B        C        D        E       F      G
               +--------+--------+--------+--------+--------+-----+--------+
         Total |    259 |    259 |      0 |     18 |    188 |   1 |  259.0 |
       Dungeon |    259 |    259 |      0 |     18 |    188 |   1 |  259.0 |
               +--------+--------+--------+--------+--------+-----+--------+

Top non-repeatable levels by time:
     D:1: 259 daAuts
